 Dungeon Crawl Stone Soup version 0.27.1-33-g824d729ab1 (webtiles) character file.

Game seed: 5677354255963923333

6421 zer0cool93 the Blocker (level 10, -3/86 HPs)
             Began as a Minotaur Fighter on Nov 24, 2021.
             Was an Initiate of Ashenzari.
             Slain by a slime creature (7 damage)
             ... on level 9 of the Dungeon.
             The game lasted 00:44:59 (11067 turns).

zer0cool93 the Blocker (Minotaur Fighter)          Turns: 11067, Time: 00:45:00

Health: -3/86      AC: 13    Str: 23      XL:     10   Next: 66%
Magic:  9/9        EV: 11    Int: 11      God:    Ashenzari [......]
Gold:   511        SH: 17    Dex: 10 (11) Spells: 8/9 levels left

rFire    + . .     SeeInvis .   q - +5 trident (venom)
rCold    . . .     Faith    .   c - +0 kite shield
rNeg     . . .     Spirit   .   b - +3 scale mail
rPois    .         Reflect  +   (helmet restricted)
rElec    .         Harm     .   (no cloak)
rCorr    .         Rampage  .   z - +0 pair of gloves
Will     .....                  (no boots)
Stlth    +.........             D - amulet of reflection
HPRegen  0.24/turn              y - +6 ring of intelligence
MPRegen  0.11/turn              (no ring)

@: no status effects
A: horns 2, retaliatory headbutt, deterioration 1, fire resistance 1, sense
surroundings 1
a: Renounce Religion, Curse Item


You were on level 9 of the Dungeon.
You worshipped Ashenzari.
Ashenzari was noncommittal.
You visited 2 branches of the dungeon, and saw 10 of its levels.

You collected 511 gold pieces.

Inventory:

Hand Weapons
 j - a +1 dagger of venom
 q - a +5 trident of venom (weapon)
 u - a +1 spear of flaming
 v - a +0 rapier of protection
 M - a +3 quarterstaff of chaos
 P - a +0 dagger of venom
Missiles
 C - a throwing net (quivered)
Armour
 b - a +3 scale mail (worn)
 c - a +0 kite shield (worn)
 n - a +1 barding
 p - +0 acid dragon scales
 z - a +0 pair of gloves (worn)
Magical Staves
 x - a staff of death
Jewellery
 a - an amulet of regeneration
 y - a +6 ring of intelligence (left hand)
 D - an amulet of reflection (around neck)
 J - an amulet of magic regeneration
 Q - a ring of willpower
Wands
 e - a wand of polymorph (14)
 E - a wand of mindburst (10)
 F - a wand of charming (7)
Scrolls
 f - a scroll of holy word
 g - a scroll of summoning
 i - 4 scrolls of amnesia
 m - 2 scrolls of magic mapping
 o - a scroll of torment
 w - 7 scrolls of identify
 A - 2 scrolls of blinking
 H - 2 scrolls of teleportation
 N - a scroll of noise
 T - a scroll of vulnerability
 Z - a scroll of fog
Potions
 d - a potion of might
 h - 3 potions of curing
 k - a potion of degeneration
 l - 3 potions of lignification
 r - a potion of invisibility
 G - 2 potions of flight
 L - a potion of resistance
 V - a potion of brilliance
 W - 2 potions of ambrosia


   Skills:
 + Level 7.2 Fighting
 + Level 5.8(6.1) Short Blades
 + Level 3.0(5.1) Long Blades
 + Level 7.5 Polearms
 + Level 10.1 Armour
 + Level 5.5 Dodging
 + Level 2.5 Stealth
 + Level 10.3 Shields
 + Level 0.1 Spellcasting
 - Level 0.1 Conjurations


You had 8 spell levels left.
You knew the following spells:

 Your Spells              Type           Power      Damage    Failure   Level
a - Magic Dart            Conj           0%         1d3       80%         1

Your spell library contained the following spells:

 Spells                   Type           Power      Damage    Failure   Level
 Summon Small Mammal      Summ           0%         N/A       80%         1
 Blink                    Tloc           N/A        N/A       91%         2
 Call Imp                 Summ           0%         N/A       91%         2
 Sublimation of Blood     Necr           0%         N/A       91%         2
 Wereblood                Tmut           0%         N/A       91%         2
 Call Canine Familiar     Summ           0%         N/A       99%         3
 Lesser Beckoning         Tloc           0%         N/A       99%         3
 Mephitic Cloud           Conj/Pois/Air  0%         N/A       99%         3
 Ozocubu's Armour         Ice            0%         N/A       99%         3
 Summon Guardian Golem    Hex/Summ       0%         N/A       99%         3
 Fireball                 Conj/Fire      0%         3d3       100%        5
 Manifold Assault         Tloc           0%         N/A       100%        5
 Metabolic Englaciation   Hex/Ice        0%         N/A       100%        5
 Simulacrum               Ice/Necr       0%         N/A       100%        6
 Starburst                Conj/Fire      0%         6d3       100%        6
 Summon Hydra             Summ           0%         N/A       100%        7
 Ignition                 Fire           0%         3d3       100%        8


Dungeon Overview and Level Annotations

Branches:
Dungeon (9/15)             Temple (1/1) D:5
   Lair: D:8-11         Orc: D:9-12

Altars:
Ashenzari
Cheibriados
Dithmenos
Elyvilon
Fedhas
Gozag
Hepliaklqana
Kikubaaqudgha
Makhleb
Nemelex Xobeh
Okawaru
Qazlal
Ru
Sif Muna
Trog
Uskayaw
Vehumet
Wu Jian
Xom
Yredelemnul
Zin


Innate Abilities, Weirdness & Mutations

You have a pair of horns on your head.
You reflexively headbutt those who attack you in melee.
Your body sometimes deteriorates upon taking damage.
Your flesh is heat resistant. (rF+)
You passively map a small area around you.


Message History

You puncture the slime creature!
The slime creature is moderately wounded.
The slime creature hits you but does no damage.
You block the large slime creature's attack.
You block the slime creature's attack.
Two slime creatures merge to form a very large slime creature.
You block the slime creature's attack.
You puncture the very large slime creature!
You headbutt the very large slime creature.
The very large slime creature is moderately wounded.
The slime creature hits you but does no damage.
You puncture the very large slime creature!
The very large slime creature looks as sick as possible!
The very large slime creature is moderately wounded.
You block the slime creature's attack.
You puncture the very large slime creature!
You headbutt the very large slime creature!
The very large slime creature is heavily wounded.
A very large slime creature splits.
The slime creature hits you.
You hit the large slime creature. You headbutt the large slime creature.
The large slime creature is heavily wounded.
The slime creature hits you. The large slime creature hits you!!
* * * LOW HITPOINT WARNING * * *
You block the slime creature's attack.
You hit the slime creature.
The slime creature is heavily wounded.
The slime creature hits you but does no damage.
The large slime creature hits you but does no damage.
The slime creature hits you but does no damage.
You hit the slime creature. You headbutt the slime creature.
The slime creature is severely wounded.
The slime creature barely misses you. The large slime creature hits you!!
* * * LOW HITPOINT WARNING * * *
You block the slime creature's attack.
You puncture the slime creature!
The slime creature looks as sick as possible!
You headbutt the slime creature, but do no damage.
The slime creature is almost dead.
The slime creature hits you!
You die...

#..#....#, , #..#....#,,
, , , , ...#....# , * * *
* ...'....# , *,,,* *
...#....# , , , , *
.###....# , *, ,
##......# ,* , *##*
#......############..###*
,#......+.......@J.......
##......#.......JJ.......
.#......#..###.##.##..##.
.'......#..###.##.#*,.#
.#......#...#...... ,
##......#...#.......,
####....#..##........
...#....#..##..##.....
...#....'...'..######## ,


You could see a large slime creature (very poisoned) and 2 slime creatures.

Vanquished Creatures
  A two-headed ogre (D:8)
  Maggie (D:8)
  A troll (D:9)
  Grinder (D:3)
  Sigmund (D:3)
  A wyvern (D:9)
  A wraith (D:9)
  5 yaks (D:8)
  Eustachio (D:4)
  A basilisk (D:6)
  A water moccasin (D:8)
  3 orc warriors
  A sky beast (D:8)
  3 ice beasts
  3 black bears
  A necrophage (D:4)
  3 ogres
  3 centaurs
  2 kobold brigands
  2 bullfrogs
  A wyvern zombie (D:6)
  2 gnoll sergeants
  3 scorpions
  8 killer bees (D:7)
  A water moccasin skeleton (D:5)
  A wight (D:9)
  2 howler monkeys
  2 jellies
  3 bullfrog zombies
  A centaur zombie (D:5)
  Crazy Yiuf (D:6)
  5 orc priests
  A bullfrog skeleton (D:7)
  A centaur skeleton (D:6)
  2 hounds
  An iguana (D:5)
  Ijyb (D:3)
  8 orc wizards
  A hound skeleton (D:4)
  5 gnolls (D:6)
  5 adders
  A white imp (D:8)
  2 ufetubi (D:5)
  4 dart slugs
  21 orcs
  10 ball pythons
  7 endoplasms
  7 giant cockroaches
  6 goblins
  8 hobgoblins
  2 quokkas
  4 bats
  3 frilled lizards
  10 kobolds
  8 rats
184 creatures vanquished.

Vanquished Creatures (others)
  A plant (D:5)
1 creature vanquished.

Grand Total: 185 creatures vanquished

Notes
Turn   | Place    | Note
-------+----------+-------------------------------------------
     0 | D:1      | zer0cool93 the Minotaur Fighter began the quest for the
                  | Orb.
     0 | D:1      | Reached XP level 1. HP: 19/19 MP: 0/0
   308 | D:1      | Reached XP level 2. HP: 27/27 MP: 1/1
   442 | D:1      | Found a faded altar of an unknown god.
   508 | D:1      | Became a worshipper of Ashenzari the Shackled
   509 | D:1      | Gained mutation: Your body sometimes deteriorates upon
                  | taking damage. [potion of mutation]
   509 | D:1      | Gained mutation: You sometimes lose the ability to read
                  | scrolls when taking damage. [potion of mutation]
   509 | D:1      | Gained mutation: Your mind is acute. (Int +2) [potion of
                  | mutation]
  1332 | D:2      | Reached XP level 3. HP: 32/33 MP: 2/2
  1436 | D:2      | Lost mutation: Your body sometimes deteriorates upon taking
                  | damage. [potion of mutation]
  1436 | D:2      | Lost mutation: You sometimes lose the ability to read
                  | scrolls when taking damage. [potion of mutation]
  1436 | D:2      | Gained mutation: You have sharp toenails. [potion of
                  | mutation]
  1436 | D:2      | Gained mutation: You are partially covered in iridescent
                  | scales. (AC +2) [potion of mutation]
  1436 | D:2      | Gained mutation: Your body sometimes deteriorates upon
                  | taking damage. [potion of mutation]
  1495 | D:2      | Found a sacrificial altar of Ru.
  2294 | D:3      | Noticed a scorpion
  2309 | D:3      | Killed a scorpion
  2310 | D:3      | Reached XP level 4. HP: 8/41 MP: 3/3
  2314 | D:3      | HP: 2/41 [poisoned by a scorpion]
  2733 | D:3      | Reached skill level 1 in Short Blades
  2825 | D:3      | Noticed Ijyb
  2839 | D:3      | Killed Ijyb
  2943 | D:3      | Learned a level 1 spell: Magic Dart
  2960 | D:3      | Noticed Grinder
  2968 | D:3      | Paralysed by Grinder for 4 turns
  2989 | D:3      | HP: 1/41 [Grinder (6)]
  2992 | D:3      | Killed Grinder
  2993 | D:3      | Reached skill level 5 in Armour
  2993 | D:3      | Reached skill level 1 in Dodging
  2993 | D:3      | Reached skill level 1 in Stealth
  2993 | D:3      | Reached XP level 5. HP: 2/47 MP: 4/4
  2993 | D:3      | Reached XP level 6. HP: 3/53 MP: 5/5
  3371 | D:3      | Reached skill level 5 in Shields
  3418 | D:3      | Noticed Sigmund
  3441 | D:3      | Killed Sigmund
  3670 | D:3      | Reached XP level 7. HP: 57/60 MP: 6/6
  4085 | D:4      | Reached skill level 5 in Fighting
  4341 | D:4      | Noticed Eustachio
  4518 | D:4      | Killed Eustachio
  4519 | D:4      | Reached XP level 8. HP: 63/68 MP: 7/7
  5288 | D:5      | Entered Level 5 of the Dungeon
  5667 | D:5      | Found a staircase to the Ecumenical Temple.
  5682 | Temple   | Entered the Ecumenical Temple
  6027 | D:5      | Reached skill level 5 in Short Blades
  6359 | D:6      | Reached XP level 9. HP: 67/75 MP: 8/8
  7006 | D:6      | Found a runed translucent door.
  7007 | D:6      | Noticed Crazy Yiuf
  7013 | D:6      | Killed Crazy Yiuf
  7095 | D:6      | Reached skill level 1 in Polearms
  7649 | D:7      | Found a sand-covered staircase.
  8718 | D:8      | Reached XP level 10. HP: 65/84 MP: 9/9
  8723 | D:8      | Reached skill level 5 in Polearms
  8955 | D:8      | Noticed Maggie
  8965 | D:8      | Killed Maggie
  8966 | D:8      | Reached skill level 5 in Dodging
  9188 | D:8      | Lost mutation: You are partially covered in iridescent
                  | scales. (AC +2) [potion of mutation]
  9188 | D:8      | Lost mutation: You have sharp toenails. [potion of
                  | mutation]
  9188 | D:8      | Lost mutation: Your mind is acute. (Int +2) [potion of
                  | mutation]
  9188 | D:8      | Gained mutation: You passively map a small area around you.
                  | [potion of mutation]
  9188 | D:8      | Gained mutation: Your flesh is heat resistant. (rF+)
                  | [potion of mutation]
  9292 | D:8      | Noticed a two-headed ogre
  9305 | D:8      | Killed a two-headed ogre
 10117 | D:9      | Reached skill level 10 in Shields
 10431 | D:9      | Reached skill level 10 in Armour
 11066 | D:9      | HP: 4/86 [large slime creature (18)]
 11067 | D:9      | Slain by a slime creature

Illustrated notes

Levels and vault maps discovered:
D:1:      evilmike_arrival_fibonacci_small, layout_basic,
          ebering_ecumenical_altar_mist, minmay_ruptured
D:2:      layout_basic, basic_altar
D:3:      minmay_razor_zed, layout_rooms, minmay_circle_x, uniq_sigmund,
          uniq_ijyb, uniq_grinder
D:4:      layout_cave_pods, nicolae_underground_beach, uniq_eustachio
D:5:      layout_cave_pools, minmay_temple_entry_gardened_gates,
          grunt_decor_resistance
D:6:      layout_rooms, nrook_pool_corridor, grunt_ministairs_2,
          minmay_misc_feat_diagonals, uniq_crazy_yiuf_cottage
D:7:      layout_basic, chequers_ossuary_entry_cave
D:8:      layout_loops_ring, kennysheep_generic_room_13, uniq_maggie
D:9:      layout_gridville, palyth_stone_intersect, hangedman_minor_gate_pass
Temple:   nicolae_temple_the_god_donut

Skill      XL: |  1  2  3  4  5  6  7  8  9 10 |
---------------+-------------------------------+-----
Fighting       | 4 5 6 7 |  7.2
Shields        | 4 5 6 7 9 10 | 10.3
Armour         | 4 5 6 7 8 9 10 | 10.1
Short Blades   | 2 4 5 |  5.8
Long Blades    | 3 |  3.0
Dodging        | 1 2 4 5 |  5.5
Stealth        | 1 2 |  2.5
Polearms       | 4 7 |  7.5
Spellcasting   | |  0.1
Conjurations   | |  0.1

Action                   |  1- 3 |  4- 6 |  7- 9 | 10-12 || total
-------------------------+-------+-------+-------+-------++-------
Melee: Long sword        |    10 |       |       |       ||    10
       Dagger            |    56 |    66 |   251 |       ||   373
       Headbutt          |     6 |     8 |    70 |    35 ||   119
       Kick              |     2 |    24 |    98 |     9 ||   133
       Trident           |       |       |   105 |   125 ||   230
  Use: Potion            |     2 |       |     3 |     1 ||     6
       Scroll            |     1 |     1 |     3 |     1 ||     6
Armor: Scale mail        |    25 |    18 |   159 |    45 ||   247
Dodge: Dodged            |    15 |    15 |    91 |    32 ||   153
Block: Kite shield       |    27 |    20 |   264 |   106 ||   417
       Reflection        |       |       |     7 |     6 ||    13
       Rpst.: Long sword |     2 |       |       |       ||     2
